[Event "MČR v rapid šachu družstev 2019"]
[Site "Teplice, Czech Republic"]
[Date "2019.09.15"]
[Round "2.26"]
[White "Volek, Radomir"]
[Black "Zeman, Matyas"]
[Result "0-1"]
[TimeControl "15 min. + 5s"]
[WhiteElo "2125"]
[BlackElo "2247"]

1. e4 g6 2. d4 Bg7 3.
Nf3 c6 4. Nc3 d5 5. e5 Bg4 6.
Be3 Nd7 7. Be2 e6 8. Qd2 h6 9. h3 Bxf3 10. Bxf3 Ne7 11. Be2 Nf5 12. f4 Nxe3 13. Qxe3 h5 14. O-O-O h4 15. g4 hxg3 16.
Qxg3 Qh4 17. Qg4 a6 18. Na4 b5 19.
Nc5 Nxc5 20. dxc5 Bf8 21. b4 a5 22. a3 axb4 23. axb4 Qxg4 24. hxg4 Ra1+ 25. Kb2 Rxd1 26. Rxh8 Rd4 27. f5 Rxb4+ 28. Kc3 Re4 29. fxg6 fxg6 30.
Bf3 Rxe5 31. Kb4 Re3 32. Bd1 Re1 33. Bf3 Ra1 34. Be2 Ra4+ 35. Kb3 Re4 36. Bd1 Kf7 37. Rh7+ Bg7 0-1

[Event "MČR v rapid šachu družstev 2019"]
[Site "Teplice, Czech Republic"]
[Date "2019.09.15"]
[Round "2.27"]
[White "Svanda, Ondrej"]
[Black "Reitinger, Petr"]
[Result "1/2-1/2"]
[TimeControl "15 min. + 5s"]
[WhiteElo "1920"]
[BlackElo "1958"]

1. e4 Nf6 2. e5 Nd5 3. d4 d6 4. Nf3 Bg4 5. Be2 c6 6. O-O g6 7. exd6 Qxd6 8. h3 Bxf3 9. Bxf3 Bg7 10. c4 Nf6 11. Nc3 O-O 12. Be3 Nbd7 13.
Qc2 e5 14. d5 cxd5 15. cxd5 Rac8 16. Rfd1 e4 17. Bxe4 Nxe4 18. Qxe4 Rfe8 19. Qd3 Ne5 20. Qb5 Nc4 21. Bd4 a6 22.
Qb3 b5 23. Bxg7 Kxg7 24. Re1 Qf4 25. Rxe8 Rxe8 26. Rd1 Qe5 27. Qc2 Rc8 28. a3 Nxb2 29. Qxb2 Qxc3 30. Qxc3+ Rxc3 31. d6 Rc8 32. d7 Rd8 33. Rd6 a5 34. Rd5 b4 35. axb4 axb4 36. Rb5 Rxd7 37. Rxb4 1/2-1/2

[Event "MČR v rapid šachu družstev 2019"]
[Site "Teplice, Czech Republic"]
[Date "2019.09.15"]
[Round "2.28"]
[White "Majerik, Vladimir"]
[Black "Skacelik, Petr"]
[Result "1/2-1/2"]
[TimeControl "15 min. + 5s"]
[WhiteElo "1857"]
[BlackElo "2096"]

1. d4 Nf6 2. Nf3 g6 3. Bg5 Bg7 4. Nbd2 h6 5. Bh4 d6 6.
e4 g5 7.
Bg3 Nh5 8. c3 Nd7 9. Be2 e5 10.
dxe5 dxe5 11. O-O Nf4 12. Bc4 O-O 13. Re1 Qe7 14. Qc2 c6 15. Rad1 b5 16. Bf1 Nc5 17. Bxf4 gxf4 18. h3 Kh8 19.
Nb3 Nxb3 20. axb3 Rg8 21. Qd3 Bf8 22. Kh2 Be6 23. c4 bxc4 24. bxc4 Qc7 25. Qc3 f6 26. c5 a5 27. Bc4 Qf7 28. Bxe6 Qxe6 29. Nh4 Be7 30. Nf5 Rgb8 31. Nxe7 Qxe7 32.
Rd6 Kg7 33. Red1 Rd8 34. Rxd8 Rxd8 35. Rxd8 Qxd8 36. Qc4 Qd2 37. Qe6 Qd8 1/2-1/2

[Event "MČR v rapid šachu družstev 2019"]
[Site "Teplice, Czech Republic"]
[Date "2019.09.15"]
[Round "3.1"]
[White "Krejci, Jan"]
[Black "Stocek, Jiri"]
[Result "1/2-1/2"]
[TimeControl "15 min. + 5s"]
[WhiteElo "2496"]
[BlackElo "2507"]

1. Nf3 Nf6 2. c4 b6 3. Nc3 Bb7 4. d4 e6 5. g3 Bb4 6. Bg2 Bxc3+ 7. bxc3 O-O 8. O-O Qc8 9. Re1 d6 10.
a4 a5 11. Bh3 Nbd7 12. Nd2 Ne4 13. f3 Nxd2 14. Bxd2 f5 15. e4 Kh8 16. Qe2 fxe4 17. fxe4 Qe8 18. Qg4 Nf6 19. Qh4 e5 20.
Bg5 Bc8 21. Bg2 Be6 22. Rf1 Qg6 23. d5 Bd7 24. Ra2 h6 25. Bc1 Qg4 26. Qxg4 Nxg4 27. h3 Rxf1+ 28. Kxf1 Rf8+ 29. Ke1 Nf6 30. g4 Bc8 31. Rf2 Kg8 32.
g5 hxg5 33. Bxg5 Ba6 34. Bf1 Nxe4 35. Rxf8+ Kxf8 36. Bd8 Nxc3 37. Bxc7 Ke7 38. c5 Bxf1 39. Bxd6+ Kf6 40. Kxf1 bxc5 41. Bxc5 Nxa4 42. Bf2 Nb2 43.
Ke2 a4 44. Kd2 a3 45. Kc2 Nc4 46. Kb3 Kf5 47. Bc5 g6 48. Bb4 Nb6 49. d6 Ke6 50. Bxa3 Nc8 51. Kc4 Nxd6+ 52. Kd3 Nf7 53. Ke3 Kf5 54. Be7 Ng5 55.
h4 Ne6 56. Kf3 Nf4 57. Bg5 Nd5 58. Bd8 e4+ 59. Ke2 Ke5 60. Bg5 Kd4 61. Bh6 e3 62. Kf3 Kd3 63. Bxe3 Nxe3 64. Kf4 Ng2+ 65. Kg5 Nxh4 66. Kxh4 Ke4 67. Kg5 Ke5 1/2-1/2

[Event "MČR v rapid šachu družstev 2019"]
[Site "Teplice, Czech Republic"]
[Date "2019.09.15"]
[Round "3.2"]
[White "Kociscak, Jiri"]
[Black "Sorm, Daniel"]
[Result "1-0"]
[TimeControl "15 min. + 5s"]
[WhiteElo "2410"]
[BlackElo "2313"]

1. d4 d5 2. c4 e6 3. Nf3 c6 4. Nc3 dxc4 5. a4 Bb4 6. e3 b5 7. Bd2 Qb6 8. Ne4 Be7 9. b3 cxb3 10.
Qxb3 bxa4 11. Qxa4 Nf6 12. Nxf6+ gxf6 13. Bd3 O-O 14. O-O Qc7 15. Rfb1 Bd6 16. Qc2 Kh8 17. Bc3 Qe7 18. Nd2 Nd7 19.
Ne4 Rg8 20. f4 Rg7 21. Be1 f5 22. Qxc6 fxe4 23. Bxe4 Rb8 24. Rxb8 Nxb8 25. Qxc8+ Rg8 26. Qb7 a6 27. Qxe7 Bxe7 28.
Bb7 Rd8 29. Bxa6 Nxa6 30. Rxa6 Rb8 31.
Ra7 Re8 32. Kf2 Kg8 33. Kf3 Kf8 34.
Rb7 Kg8 35. Bb4 Bf6 36. Bd6 Rc8 37. Rb8 Rxb8 38. Bxb8 Bd8 39. Bd6 f5 40. e4 Kf7 41. exf5 exf5 42. d5 h5 43. Ke2 Kg6 44. Be5 h4 45. Kd3 h3 46. gxh3 Kf7 47. Kc4 Ke7 48.
Kc5 Kd7 49. d6 Bh4 50. Kd5 Bf2 51.
Bg7 Bg1 52. h4 Bxh2 53. Be5 1-0

[Event "MČR v rapid šachu družstev 2019"]
[Site "Teplice, Czech Republic"]
[Date "2019.09.15"]
[Round "3.3"]
[White "Strasil, Pavel"]
[Black "Polak, Tomas"]
[Result "1/2-1/2"]
[TimeControl "15 min. + 5s"]
[WhiteElo "2097"]
[BlackElo "2515"]

1. Nf3 Nf6 2. c4 b6 3. g3 Bb7 4. Bg2 e6 5. O-O Be7 6. b3 O-O 7. Bb2 d5 8. cxd5 exd5 9. d4 Na6 10. Nc3 c5 11. dxc5 bxc5 12. e3 Qb6 13. Qe2 Nc7 14.
Na4 Qa5 15. Rfd1 Ne6 16. Qd2 Qxd2 17. Rxd2 Ne4 18. Rc2 Rac8 19. Rac1 Rfd8 20. Nd2 Nxd2 21. Rxd2 Bc6 22. Ba3 Bxa4 23.
bxa4 d4 24. Bh3 dxe3 25. Rxd8+ Rxd8 26. Bxe6 exf2+ 27. Kxf2 fxe6 28. Bxc5 Rc8 29. Be3 Rxc1 30. Bxc1 Bd6 31. h3 h5 32. g4 hxg4 33. hxg4 Kf7 34. Kf3 Ke7 35. Ke4 Kd7 36. Be3 a6 37. Bd4 g6 38. Be3 Kc6 39.
Bd4 Bf8 40. Be3 Bg7 41. Ba7 Kd7 42. Bc5 Bc3 43. Bb6 Ke7 44. Be3 Kf6 45. Bc1 Be1 46. Be3 Bh4 47. Bd2 Bg5 48. Bc3+ Ke7 49. Bb4+ Kd7 50. Bc5 Bc1 51. Bd4 Kd6 52. Ba7 Bb2 53. Bf2 Kc6 54. Be3 Kd6 55. Bf2 Ba3 56. Be3 Bb2 57.
Bf2 Ke7 58. Bh4+ Kf7 59. Bg5 Bf6 60. Bd2 Bd8 61. Bc3 Ke7 62. Bd4 Kd6 63. Be3 Bf6 64. Bf2 Be5 65. Bc5+ Kxc5 66. Kxe5 Kb4 67. Kxe6 Kxa4 68.
Kf6 Ka3 69. Kxg6 Kxa2 70. Kh7 a5 71.
g5 a4 72. g6 a3 73. g7 Kb2 74. g8=Q a2 75. Qb8+ Kc2 76. Qc7+ Kb2 77. Qe5+ Kb1 78.
Qe1+ Kb2 79. Qd2+ Kb1 80. Qxa2+ 1/2-1/2

[Event "MČR v rapid šachu družstev 2019"]
[Site "Teplice, Czech Republic"]
[Date "2019.09.15"]
[Round "3.4"]
[White "Vymazal, Bronislav"]
[Black "Krejci, Jan"]
[Result "1-0"]
[TimeControl "15 min. + 5s"]
[WhiteElo "2347"]
[BlackElo "2496"]

1. e4 e5 2. Nf3 Nf6 3. Nxe5 d6 4. Nf3 Nxe4 5. d4 d5 6. Bd3 Nc6 7. O-O Be7 8. Re1 Bg4 9. c3 f5 10.
Nbd2 O-O 11. Qb3 Kh8 12. h3 Bh5 13. Qxb7 Qd6 14. Bb5 Na5 15. Qa6 Qxa6 16. Bxa6 Rab8 17. Nxe4 fxe4 18. Ne5 Rb6 19.
Be2 Be8 20. b3 Bf6 21. f4 Nb7 22. Ba3 Rg8 23. c4 g5 24. c5 Bxe5 25. fxe5 Rh6 26. Rf1 Nd8 27. Bc1 Ne6 28. Be3 Rh4 29.
Bg4 Nf8 30. Bxg5 Rxg5 31. Rxf8+ Rg8 32. Raf1 Rh6 33. e6 Kg7 34. e7 Bg6 35. Be6 Rh8 36. Rxh8 Kxh8 37. Bf7 1-0

[Event "MČR v rapid šachu družstev 2019"]
[Site "Teplice, Czech Republic"]
[Date "2019.09.15"]
[Round "3.5"]
[White "Rubes, Jan"]
[Black "Bernasek, Jan"]
[Result "0-1"]
[TimeControl "15 min. + 5s"]
[WhiteElo "2345"]
[BlackElo "2496"]

1. Nf3 c5 2. c4 Nc6 3. Nc3 g6 4. e3 Nf6 5. d4 cxd4 6. exd4 d5 7. cxd5 Nxd5 8. Qb3 Nxc3 9. Bc4 Nd5 10. Bxd5 e6 11. Bxc6+ bxc6 12. O-O f6 13. Be3 Qd5 14.
Qa4 Kf7 15. Rac1 Bd7 16. Rfd1 Be7 17. Ne5+ Ke8 18. Nxd7 Kxd7 19. Rc5 Qe4 20. Ra5 Rhd8 21. Rc1 Rdc8 22. Rxa7+ Rxa7 23. Qxa7+ Rc7 24. Qa4 Rb7 25. Qc2 Qd5 26.
b3 Bd6 27. g3 f5 28. Qd2 Rb4 29. Rd1 Qf3 30. Rc1 h5 31. Rc4 Rxc4 32. bxc4 h4 33. c5 h3 34. Kf1 Bxg3 35. d5 exd5 36. Qd4 Bc7 37. Ke1 f4 38. Qg7+ Kc8 39.
Bd4 Ba5+ 0-1

[Event "MČR v rapid šachu družstev 2019"]
[Site "Teplice, Czech Republic"]
[Date "2019.09.15"]
[Round "3.6"]
[White "Cernousek, Lukas"]
[Black "Hadraba, Vladimir"]
[Result "0-1"]
[TimeControl "15 min. + 5s"]
[WhiteElo "2478"]
[BlackElo "2125"]

1. Nf3 Nf6 2. e3 g6 3. c4 Bg7 4. d4 O-O 5. b4 d5 6.
a4 c6 7.
Nbd2 a5 8. b5 c5 9. Bb2 cxd4 10. Bxd4 Nbd7 11. Qb3 e6 12. Qb2 Ne8 13. cxd5 exd5 14. Be2 Nc5 15. O-O Bf5 16. Qa3 Ne4 17.
Rfd1 N8f6 18. Nxe4 Nxe4 19. Qb3 Be6 20. Rac1 Qd6 21. Qb2 Bxd4 22. Qxd4 Qb4 23. Rc7 Rac8 24. Rdc1 Rxc7 25. Rxc7 b6 26.
Qxb4 axb4 27. Bd1 Nc3 28. Bb3 Ra8 29. Nd4 Nxa4 30. f4 0-1

[Event "MČR v rapid šachu družstev 2019"]
[Site "Teplice, Czech Republic"]
[Date "2019.09.15"]
[Round "3.7"]
[White "Kral, David"]
[Black "Vrbata, Zbynek"]
[Result "1/2-1/2"]
[TimeControl "15 min. + 5s"]
[WhiteElo "2029"]
[BlackElo "2376"]

1. d4 Nf6 2. c4 g6 3. Nc3 Bg7 4. e4 O-O 5.
f3 d6 6.
Be3 b6 7. Qd2 c5 8. Nge2 Nc6 9. O-O-O e5 10. dxc5 dxc5 11. Qxd8 Rxd8 12. Rxd8+ Nxd8 13. Nd5 Nc6 14. Nec3 Ne8 15.
Bd3 f6 16. g4 Kf7 17. h4 Nd4 18. Rf1 Ne6 19. g5 Bb7 20. f4 exf4 21. Nxf4 Nxf4 22. Bxf4 Ke6 23. Nd5 fxg5 24. hxg5 Rd8 25.
Rh1 Kf7 26. Rxh7 Kg8 27. Rh1 Nd6 28. Kc2 b5 29. b3 bxc4 30. bxc4 Ba6 31. Rf1 Bd4 32. Bxd6 Rxd6 33. Rb1 Kf7 34.
Rb8 Rd7 35. Ra8 Ke8 1/2-1/2

[Event "MČR v rapid šachu družstev 2019"]
[Site "Teplice, Czech Republic"]
[Date "2019.09.15"]
[Round "3.8"]
[White "Kuba, Jindrich"]
[Black "Kudrlicka, Ladislav"]
[Result "1-0"]
[TimeControl "15 min. + 5s"]
[WhiteElo "2229"]
[BlackElo "2033"]

1. e4 e5 2. Nf3 Nc6 3. Bb5 Nf6 4. O-O Bc5 5. d3 d6 6. h3 h6 7. c3 O-O 8. Nbd2 a6 9. Ba4 b5 10.
Bc2 Qe7 11. Re1 Bd7 12. Nf1 Nh5 13. d4 exd4 14. Nxd4 Bxd4 15. cxd4 Nf6 16. Ng3 Rfe8 17. a3 Qf8 18. Qd3 g6 19.
b3 Ne7 20. Qf3 Qg7 21. Bxh6 Qxh6 22. Qxf6 Qd2 23. Re2 Qc3 24. Rd1 Nc6 25. Red2 Ne7 26. Qg5 Be6 27. Nh5 Bxb3 28. Bxb3 Qxb3 29.
Rd3 Qe6 30. Nf6+ Kg7 31. Nxe8+ Rxe8 32. Qf4 Qf6 33. Qxf6+ Kxf6 34. Rc3 c6 35. f3 Rd8 36. Kf2 d5 37. Ke3 Ke6 38. h4 Rh8 39. Rh1 f5 40. e5 Kd7 41.
g4 Ke6 42. Rcc1 Rh7 43. h5 fxg4 44. fxg4 gxh5 45. Rxh5 Rg7 46. Rh6+ Kd7 47. Kf4 Ng6+ 48. Kg3 Ne7 49. Rf1 a5 50.
Rhf6 a4 51. Rd6+ Kc7 52. Rdf6 Kd7 53. Rf7 Rxf7 54. Rxf7 Ke6 55. Rf6+ Kd7 56. g5 c5 57. dxc5 Kc7 58. g6 b4 59.
axb4 a3 1-0

[Event "MČR v rapid šachu družstev 2019"]
[Site "Teplice, Czech Republic"]
[Date "2019.09.15"]
[Round "3.9"]
[White "Vykouk, Jan"]
[Black "Vojta, Tomas"]
[Result "1/2-1/2"]
[TimeControl "15 min. + 5s"]
[WhiteElo "2428"]
[BlackElo "2402"]

1. e4 c6 2. Nf3 d5 3. Nc3 dxe4 4. Nxe4 Nf6 5. Qe2 Nxe4 6. Qxe4 Qd5 7. Qe3 Bf5 8. c4 Qe4 9. d3 Qxe3+ 10. fxe3 Nd7 11. d4 e5 12.
Bd2 Bd6 13. Be2 O-O 14. O-O Bg4 15. h3 Bh5 16. g4 Bg6 17. Nh4 exd4 18. Nxg6 hxg6 19. exd4 Rfe8 20. Bf3 Nf6 21. Rae1 Kf8 22.
Rxe8+ Rxe8 23. Re1 Rxe1+ 24. Bxe1 Bf4 25. Kf2 Ke7 26. Ke2 Nh7 27. h4 Nf8 28. Bb4+ Ke8 29. d5 cxd5 30. Bxd5 b6 31. Bc6+ Nd7 32. Bc3 f6 33. Kf3 Bd6 34. g5 Be7 35. Ke4 fxg5 36.
hxg5 Bxg5 37. Bxg7 Ke7 38. Bc3 Nf6+ 39. Bxf6+ 1/2-1/2

[Event "MČR v rapid šachu družstev 2019"]
[Site "Teplice, Czech Republic"]
[Date "2019.09.15"]
[Round "3.10"]
[White "Zeman, Matyas"]
[Black "Studnicka, Tomas"]
[Result "0-1"]
[TimeControl "15 min. + 5s"]
[WhiteElo "2247"]
[BlackElo "2379"]

1. Nf3 c5 2. e4 Nc6 3. Bb5 g6 4. Bxc6 bxc6 5. d4 Bg7 6. dxc5 Qa5+ 7. c3 Qxc5 8. O-O Nf6 9. Re1 O-O 10.
h3 d5 11. exd5 cxd5 12. Be3 Qc7 13. Bd4 Bb7 14. Nbd2 a5 15. Qb3 e6 16. a4 Rfc8 17. Be5 Qd7 18. Nd4 Nh5 19. Bxg7 Kxg7 20.
N2f3 Rab8 21. Ne5 Qe7 22. Qb6 Ba8 23. Qa6 Nf4 24. g3 Nxh3+ 25. Kg2 Ng5 26. Re2 h5 27. f4 Ne4 28. Nec6 Bxc6 29. Nxc6 Rxc6 30. Qxc6 h4 31. Rxe4 dxe4 32. Qxe4 Rxb2+ 33. Kh3 hxg3 34. Kxg3 Qc5 35. Qe5+ Qxe5 36. fxe5 Rc2 37. Ra3 g5 38. Kf3 Kg6 39. Ke4 Kh5 40. Kd3 Rc1 41. Ra2 g4 42. Rh2+ Kg5 43.
Rh7 Kg6 44. Rh8 Kf5 45. Rf8 g3 46. Rxf7+ Kxe5 47. Rg7 Kf4 48.
Kd2 Ra1 49. c4 g2 50. Ke1 Ke5+ 0-1

[Event "MČR v rapid šachu družstev 2019"]
[Site "Teplice, Czech Republic"]
[Date "2019.09.15"]
[Round "3.11"]
[White "Sodoma, Jan"]
[Black "Svanda, Ondrej"]
[Result "1-0"]
[TimeControl "15 min. + 5s"]
[WhiteElo "2358"]
[BlackElo "1920"]

1. Nf3 c5 2. g3 g6 3. d4 cxd4 4. Nxd4 Bg7 5. Bg2 Nc6 6. Nb3 Nf6 7. c4 d6 8. O-O O-O 9. Nc3 Bf5 10.
c5 dxc5 11. Nxc5 Qb6 12. N3a4 Qc7 13. Bf4 e5 14. Bg5 b6 15. Bxf6 Bxf6 16. Ne4 Bg7 17. Rc1 b5 18. Nac3 Qa5 19. Nd6 b4 20. Nd5 Nd4 21. Ne7+ Kh8 22.
Bxa8 Rxa8 23. Nxf7# 1-0

[Event "MČR v rapid šachu družstev 2019"]
[Site "Teplice, Czech Republic"]
[Date "2019.09.15"]
[Round "3.12"]
[White "Skacelik, Petr"]
[Black "Cech, Pavel"]
[Result "1/2-1/2"]
[TimeControl "15 min. + 5s"]
[WhiteElo "2096"]
[BlackElo "2394"]

1. d4 d5 2. c4 c6 3. Nc3 Nf6 4. Nf3 dxc4 5. a4 Bf5 6. e3 e6 7. Bxc4 Bb4 8. O-O O-O 9. Qe2 Nbd7 10.
e4 Bg6 11. Bd3 Bh5 12. e5 Nd5 13.
Nxd5 cxd5 14. Qe3 Be7 15. Bd2 Nb8 16. Rac1 Nc6 17. Bb5 Bxf3 18. gxf3 Qb6 19. Bc3 Rfc8 20. Kh1 Nb4 21. Rg1 g6 22.
Rg3 Na2 23. Rcg1 a6 24. Be2 Nxc3 25. bxc3 Qb2 26. f4 Qc2 27. Bd3 Qxa4 28. f5 exf5 29. e6 Bd6 30. Rh3 f4 31. exf7+ Kg7 32.
Qf3 Rh8 33. Qxd5 Qc6 34. Qxc6 bxc6 35. Bc4 a5 36. Rd3 a4 37. Re1 a3 38. Rd2 Rhb8 39. Kg2 Ra4 40. Ba2 Rb2 41. Ree2 Rxd2 42. Rxd2 c5 43. dxc5 Bxc5 44. Rd5 Bf8 45. Rd4 Rxd4 46. cxd4 g5 47. Kf3 h5 48. h3 Kf6 49. Ke4 Ke5+ 1/2-1/2

[Event "MČR v rapid šachu družstev 2019"]
[Site "Teplice, Czech Republic"]
[Date "2019.09.15"]
[Round "3.13"]
[White "Jirovsky, Milos"]
[Black "Liska, Jiri"]
[Result "1-0"]
[TimeControl "15 min. + 5s"]
[WhiteElo "2477"]
[BlackElo "2213"]

1. c4 Nf6 2. Nf3 g6 3. g3 Bg7 4. Bg2 O-O 5. O-O c6 6. d4 d5 7. Nbd2 a5 8. Ne5 a4 9. e3 Bf5 10. g4 Be6 11. h3 Nfd7 12.
cxd5 Bxd5 13. Nef3 Nf6 14. Qe2 Ne4 15. Nxe4 Bxe4 16. Bd2 Na6 17. Rac1 Qd5 18. a3 Rfd8 19. Rfd1 h5 20. Ne1 hxg4 21.
hxg4 Bxg2 22. Nxg2 Qb3 23. Bc3 Nc7 24. Nf4 Nd5 25. Nxd5 Rxd5 26. f4 Rad8 27. Bb4 e5 28. fxe5 Bxe5 29.
Rd3 Qa2 30. Kg2 Bg7 31. Rc2 Qb1 32. b3 c5 33. Rb2 Qxb2 34. Qxb2 cxb4 35. bxa4 bxa3 36. Rxa3 Rg5 37. Kf3 f5 38. Qxb7 fxg4+ 39. Kg2 Rf5 40. Ra2 Re8 41. Qb3+ Kh7 42.
a5 Rf3 43. Re2 Bxd4 44. Qb5 Rexe3 45. Rxe3 Bxe3 46. Qd7+ Kg8 47. Qxg4 Rf6 48. a6 Bb6 49. Qc8+ Kg7 50. Qb7+ Kh6 51. a7 Bxa7 52. Qxa7 Rf5 53. Qe7 Rh5 54. Kg3 Rf5 55.
Kg4 Rh5 56. Qf8+ Kh7 57. Qf7+ Kh6 58. Qe7 Rf5 59. Qd7 Rg5+ 60.
Kf4 Rf5+ 61. Ke4 Rh5 62.
Qd8 Kg7 63. Kf4 Rf5+ 64. Kg4 Kh7 65.
Qe7+ Kh6 66. Qa7 Rh5 67. Qe3+ Kg7 68. Qe7+ Kh6 69. Qf6 Kh7 70. Qf7+ Kh6 71. Qg8 Rg5+ 72. Kf4 Rf5+ 73. Ke4 Rf6 74. Qh8+ Kg5 75. Qd8 1-0

[Event "MČR v rapid šachu družstev 2019"]
[Site "Teplice, Czech Republic"]
[Date "2019.09.15"]
[Round "3.14"]
[White "Vltavsky, Vladimir"]
[Black "Sokolov, Alexander"]
[Result "0-1"]
[TimeControl "15 min. + 5s"]
[WhiteElo "2146"]
[BlackElo "2384"]

1. e4 c5 2. Nf3 d6 3.
c3 Nf6 4. Be2 g6 5. O-O Bg7 6.
Re1 O-O 7. Bf1 Nc6 8. h3 e5 9. d4 exd4 10. cxd4 Re8 11. d5 Nd4 12. Nc3 Bd7 13. Bf4 Qb6 14. Rb1 a6 15. Bd3 Qc7 16.
a4 Nxf3+ 17. Qxf3 c4 18. Bc2 b5 19. axb5 axb5 20. Qg3 Bf8 21. Qh4 Nh5 22. Ne2 h6 23. Bxh6 Bxh6 24. g4 Bf4 25. Kg2 Re5 26. Kf3 Bg5 27. Ng1 0-1

[Event "MČR v rapid šachu družstev 2019"]
[Site "Teplice, Czech Republic"]
[Date "2019.09.15"]
[Round "3.15"]
[White "Dolezal, Radoslav"]
[Black "Marsalek, Zdenek"]
[Result "0-1"]
[TimeControl "15 min. + 5s"]
[WhiteElo "2363"]
[BlackElo "2278"]

1. d4 d5 2. Nf3 Nf6 3. c4 c6 4. e3 e6 5. Nc3 Nbd7 6. Qc2 Bd6 7. e4 dxe4 8. Nxe4 Nxe4 9. Qxe4 Nf6 10. Qh4 c5 11. Bd3 cxd4 12. O-O b6 13. Rd1 Bb7 14. Nxd4 a6 15. Bg5 Qc7 16. Rac1 Be5 17. Bf1 Ne4 18. Be3 Rd8 19. f3 Bf6 20. Qe1 Nc5 21. b4 Nd7 22. c5 bxc5 23. bxc5 Nb8 24. c6 Bc8 25. Nb3 Rxd1 26. Qxd1 O-O 27. Qd2 Nxc6 28. Qc2 Bb7 29. Nc5 Ba8 30. Nxa6 Qa5 31. Qd2 0-1

[Event "MČR v rapid šachu družstev 2019"]
[Site "Teplice, Czech Republic"]
[Date "2019.09.15"]
[Round "3.16"]
[White "Duran, Tomas"]
[Black "Postupa, Pavel"]
[Result "0-1"]
[TimeControl "15 min. + 5s"]
[WhiteElo "2135"]
[BlackElo "2203"]

1. e4 c5 2. Nf3 d6 3.
c3 Nf6 4. Be2 Bg4 5. h3 Bxf3 6. Bxf3 Nc6 7. d3 g6 8. O-O Bg7 9. g3 O-O 10. Be3 Rc8 11. Bg2 b5 12. a3 a5 13. Nd2 Nd7 14. Qe2 b4 15. axb4 axb4 16.
Rfc1 Qb6 17. Nc4 Qb5 18. Bf1 Ra8 19. Qe1 Qb7 20. Bg2 Qb5 21. Bf1 Nde5 22. Nxe5 Nxe5 23. Qd1 Qb7 24. f4 Nc6 25. Bg2 Qb6 26. Qd2 Ra5 27.
f5 Rfa8 28. Rxa5 Rxa5 29. fxg6 hxg6 30. Bh6 Bh8 31. Qf2 Ra2 32.
Qe1 Rxb2 33. cxb4 Nxb4 0-1

[Event "MČR v rapid šachu družstev 2019"]
[Site "Teplice, Czech Republic"]
[Date "2019.09.15"]
[Round "3.17"]
[White "Soural, Jan"]
[Black "Slampa, Jan"]
[Result "1/2-1/2"]
[TimeControl "15 min. + 5s"]
[WhiteElo "2121"]
[BlackElo "2166"]

1. d4 Nf6 2. c4 g6 3. Nc3 Bg7 4. e4 d6 5. Nf3 O-O 6. Be2 e5 7. d5 a5 8.
Bg5 h6 9. Bh4 Nbd7 10. O-O Nc5 11. Nd2 g5 12. Bg3 Nh7 13. Bg4 f5 14. Bxf5 Bxf5 15. exf5 Rxf5 16. Nde4 Nxe4 17. Nxe4 Nf6 18. Re1 b6 19. Rc1 Qe8 20.
Nxf6+ Rxf6 21. Qg4 Qf7 22. b3 Rf8 23. Re2 Qg6 24. Qe4 Rf5 25. f3 h5 26. h3 Bh6 27. Rce1 Kh7 28. a3 g4 29.
hxg4 hxg4 30. fxg4 Rg5 31. Qxg6+ Rxg6 32. Re4 Rfg8 33. Rf1 Rxg4 34. Rf7+ R8g7 35. Rxg7+ Rxg7 36. Kf2 Kg6 37. Rg4+ Kf5 38. Rxg7 Bxg7 39. Bh4 Bf6 40. g4+ Kg6 41. Bg3 Bg5 42.
Kf3 Bc1 43. a4 Kg5 44. Be1 Bb2 45. Bd2+ Kg6 46. Be1 Bc1 47. Bh4 Bg5 48. Be1 Bf4 49. Bh4 Bg5 50. Be1 Bf4 51. Ke4 Kg5 52. c5 Bc1 53. Kf3 Bf4 1/2-1/2

[Event "MČR v rapid šachu družstev 2019"]
[Site "Teplice, Czech Republic"]
[Date "2019.09.15"]
[Round "3.18"]
[White "Horak, Jiri"]
[Black "Vokoun, Jan"]
[Result "0-1"]
[TimeControl "15 min. + 5s"]
[WhiteElo "2151"]
[BlackElo "2119"]

1. e4 e5 2. Nf3 Nc6 3.
Bb5 g6 4. O-O Bg7 5. c3 d6 6. d4 Bd7 7. Re1 Nge7 8. Be3 O-O 9.
Nbd2 h6 10. Bc4 Kh7 11. d5 Nb8 12. Nf1 f5 13. exf5 gxf5 14. g3 Ng6 15. h4 f4 16. h5 fxe3 17. hxg6+ Kh8 18. Nxe3 Qf6 19.
Nh2 Qxf2+ 20. Kh1 Qxg3 21. Neg4 Rf4 22. Rg1 Bxg4 23. Nxg4 Qh3+ 24. Nh2 Rf2 0-1

[Event "MČR v rapid šachu družstev 2019"]
[Site "Teplice, Czech Republic"]
[Date "2019.09.15"]
[Round "3.19"]
[White "Postupa, Martin"]
[Black "Nudcenko, Karel"]
[Result "0-1"]
[TimeControl "15 min. + 5s"]
[WhiteElo "1950"]
[BlackElo "2110"]

1. e4 e6 2. d4 d5 3. e5 c5 4. c3 Nc6 5. Nf3 Qb6 6. a3 Bd7 7. b4 cxd4 8. cxd4 Nge7 9. Bb2 Ng6 10. Bd3 Be7 11. O-O O-O 12.
Nbd2 Rac8 13. Rc1 Nb8 14. Qe2 Nf4 15. Qe3 Nxd3 16. Qxd3 Bb5 17. Qb3 Bxf1 18. Rxf1 Nd7 19. h4 Rc7 20.
g3 Rfc8 21. Ne1 Qb5 22. Nd3 Nb6 23.
Nc5 Nc4 24. Nxc4 Qxc4 25. Qe3 b6 26. Nd3 Qb3 27. Kg2 Rc2 28. Rb1 R8c3 29. Bxc3 Qxb1 30. Be1 Qd1 31. Nf4 Rc1 32. Bd2 Qh1# 0-1

[Event "MČR v rapid šachu družstev 2019"]
[Site "Teplice, Czech Republic"]
[Date "2019.09.15"]
[Round "3.20"]
[White "Tichy, Lukas"]
[Black "Krouzel, Jaroslav"]
[Result "1/2-1/2"]
[TimeControl "15 min. + 5s"]
[WhiteElo "1869"]
[BlackElo "2068"]

1. e4 e6 2. d4 d5 3. e5 c5 4. c3 Nc6 5. Nf3 cxd4 6. cxd4 Nge7 7. Bd3 Nf5 8. Bxf5 exf5 9. Nc3 Be6 10. O-O Be7 11. b3 g5 12.
Nb5 f4 13. Ba3 Bxa3 14. Nxa3 Bg4 15. Nb5 O-O 16. Qd3 h6 17. Rac1 Qd7 18. Nd6 Ne7 19. Rc3 Nf5 20. Nxf5 Bxf5 21.
Qd2 Be4 22. Rfc1 Rac8 1/2-1/2

[Event "MČR v rapid šachu družstev 2019"]
[Site "Teplice, Czech Republic"]
[Date "2019.09.15"]
[Round "3.21"]
[White "Babicka, Michal"]
[Black "Kourousis, Epaminondas"]
[Result "0-1"]
[TimeControl "15 min. + 5s"]
[WhiteElo "2010"]
[BlackElo "2388"]

1. e4 c5 2. Nf3 Nc6 3. Bb5 Nf6 4. Bxc6 dxc6 5. d3 Qc7 6. h3 e5 7. Nc3 h6 8. Be3 Be6 9. Qe2 Be7 10.
a4 a5 11. Nd2 O-O-O 12. O-O-O Nd7 13. g3 f6 14. f4 Bd6 15. Qf2 b6 16. f5 Bf7 17. g4 Qb7 18. Nc4 Be7 19. Na3 Nb8 20.
h4 Rd4 21. g5 h5 22. gxf6 Bxf6 23. Rhg1 Na6 24. Rg2 Rhd8 25. Rdg1 Be8 26. Bg5 Nb4 27. Bxf6 gxf6 28. Rg7 Qa6 29.
Qe3 b5 30. Qh6 Nxd3+ 31. cxd3 b4 32. Qxf6 bxc3 33. Nc4 Rxd3 34. Qxe5 cxb2+ 35. Kxb2 R3d7 36. Qxc5 Qb7+ 37. Nb6+ Kc7 38. Rxd7+ Bxd7 39. Qe5+ Kxb6 40.
Ka3 Ka6 41. Qc5 Rb8 42. Qc4+ Ka7 43. Rg2 Qb1 44. Qc3 Rb4 45. f6 Qxe4 46. Rg5 Rxa4+ 47. Kb2 Rb4+ 48. Ka3 Ra4+ 49. Kb2 Qe2+ 50. Kb1 Qa2+ 51. Kc1 Rc4 52. Rxa5+ Qxa5 53.
Qxc4 Qa1+ 54. Kc2 Qxf6 55. Qc5+ Kb7 56.
Qxh5 Qf5+ 57. Qxf5 Bxf5+ 58. Kc3 Kb6 59. Kd4 0-1

[Event "MČR v rapid šachu družstev 2019"]
[Site "Teplice, Czech Republic"]
[Date "2019.09.15"]
[Round "3.22"]
[White "Burdalev, Kirill"]
[Black "Vales, Vaclav"]
[Result "1-0"]
[TimeControl "15 min. + 5s"]
[WhiteElo "2336"]
[BlackElo "2110"]

1. d4 d5 2. Bf4 c5 3.
e3 Nc6 4. c3 cxd4 5. exd4 Nf6 6. Nd2 Bf5 7. Qb3 Bc8 8. Ngf3 e6 9. Bd3 Bd6 10. Bg3 O-O 11. O-O a6 12. a4 Qe7 13. Rfe1 Bd7 14. Ne5 Rfb8 15. Qd1 Be8 16.
a5 Bc7 17. b4 g6 18. Nb3 Nh5 19. Nxc6 Bxc6 20. Be5 Rc8 21. Bxc7 Rxc7 22. Nc5 Nf6 23. Qe2 Nd7 24. f4 Nxc5 25.
bxc5 Qf6 26. g3 Kg7 27. h4 h6 28. Rab1 Rd7 29. Qf2 Qd8 30. Rb6 Re7 31. h5 f5 32. hxg6 Be8 33. Rbxe6 Rxe6 34.
Rxe6 Bxg6 35. Qe3 1-0

[Event "MČR v rapid šachu družstev 2019"]
[Site "Teplice, Czech Republic"]
[Date "2019.09.15"]
[Round "3.23"]
[White "Janda, Zdenek"]
[Black "Pribyl, Josef"]
[Result "0-1"]
[TimeControl "15 min. + 5s"]
[WhiteElo "2008"]
[BlackElo "2285"]

1. d4 Nf6 2. Nf3 g6 3.
h3 c5 4.
c3 b6 5.
g3 Bb7 6. Bg2 Bg7 7. O-O O-O 8. Ne5 Bxg2 9. Kxg2 d6 10. Nd3 Nbd7 11.
Nd2 Qc7 12. e4 Rfc8 13. d5 Ne5 14. Nxe5 dxe5 15. c4 a6 16. b3 b5 17. Bb2 Ne8 18. Qe2 Rab8 19. Rac1 Nd6 20. f4 exf4 21. Bxg7 Kxg7 22. gxf4 e6 23. Qg4 Re8 24. e5 Nf5 25.
Rce1 bxc4 26. bxc4 Rb2 27. Rf2 Qb7 28. Ne4 exd5 29. Nf6 dxc4+ 30. Kg1 Rd8 31. Qg5 Rdd2 32. Ne4 Rd4 33. Qf6+ Kg8 34.
Rxb2 Qxb2 35. Ng5 Rd7 36. Nf3 Qc3 37. Qc6 Nd4 38. Qxd7 Nxf3+ 39. Kf2 Qxe1+ 40. Kxf3 Qf1+ 41. Kg3 Qd3+ 0-1